 Dungeon Crawl Stone Soup version 0.30-b1-2-g02819fbbbe (webtiles) character file.

Game seed: 9536947146480701268

16436 Metae the Protected (level 12, -8/110 HPs)
             Began as a Minotaur Fighter on June 20, 2023.
             Was a High Priest of Okawaru.
             Killed from afar by a yellow draconian (29 damage)
             ... with a glob of acid
             ... on level 1 of the Abyss on June 21, 2023.
             The game lasted 00:57:48 (10554 turns).

Metae the Protected (Minotaur Fighter)             Turns: 10554, Time: 00:57:48

Health: -8/110     AC: 10    Str: 31    XL:     12   Next: 10%
Magic:  16/16      EV: 12    Int:  8    God:    Okawaru [*****.]
Gold:   369        SH:  7    Dex: 12    Spells: 11/11 levels left

rFire   . . .        H - +7 falchion of the Saviour {holy, Will+}
rCold   . . .        c - +0 buckler
rNeg    + . .        q - +1 scale mail of Winter {rPois rN+ Stlth-}
rPois   +            (helmet restricted)
rElec   .            P - +0 cloak
rCorr   .            U - +2 pair of gloves "Wammippu" {rPois Str-5 Int+3}
SInv    .            j - +0 pair of boots
Will    +....        b - amulet of regeneration Stlth
                     g - +6 ring of strength
HPRegen 1.18/turn    J - +6 ring of strength
MPRegen 0.15/turn

%: no passive effects
@: heroic, corroded, studying Throwing
A: horns 2, retaliatory headbutt
a: Renounce Religion, Heroism, Finesse, Duel


You were on level 1 of the Abyss.
You worshipped Okawaru.
Okawaru was extremely pleased with you.
You visited 2 branches of the dungeon, and saw 11 of its levels.
You visited the Abyss 1 time.
You also visited: Sewer and Ossuary.

You collected 597 gold pieces.
You spent 228 gold pieces at shops.

Inventory:

Hand Weapons
 i - a +3 flail of freezing
 m - a +0 sling
 H - the +7 falchion of the Saviour (weapon) {holy, Will+}
   (Okawaru gifted it to you on level 1 of the Lair of Beasts)

   Will:      It increases your willpower.
 R - the +0 dagger of Immorality {drain, Str+2 SInv}
   (You found it on level 8 of the Dungeon)

   Str:       It affects your strength (+2).
   SInv:      It lets you see invisible.
 S - a +3 rapier of protection
Missiles
 h - 141 stones
 t - 21 poisoned darts (quivered)
 B - 4 silver boomerangs
 Q - a javelin
Armour
 c - a +0 buckler (worn)
 j - a +0 pair of boots (worn)
 q - the +1 scale mail of Winter (worn) {rPois rN+ Stlth-}
   (You took it off a gnoll on level 8 of the Dungeon)

   rPois:     It protects you from poison.
   rN:        It protects you from negative energy.
   Stlth:     It makes you less stealthy.
 C - a +1 chain mail
 P - a +0 cloak (worn)
 U - the +2 pair of gloves "Wammippu" (worn) {rPois Str-5 Int+3}
   (You found it on level 1 of the Lair of Beasts)

   Str:       It affects your strength (-5).
   Int:       It affects your intelligence (+3).
   rPois:     It protects you from poison.
Jewellery
 b - an amulet of regeneration (around neck)
 g - a +6 ring of strength (left hand)
 J - a +6 ring of strength (right hand)
 M - an amulet of the acrobat
 N - a ring of positive energy
 T - a ring of fire
Wands
 s - a wand of iceblast (15)
 u - a wand of digging (6)
 G - a wand of flame (30)
Scrolls
 a - a scroll of noise
 e - a scroll of butterflies
 f - 4 scrolls of poison
 k - 2 scrolls of fear
 o - 5 scrolls of fog
 p - 2 scrolls of vulnerability
 v - 3 scrolls of teleportation
 x - 2 scrolls of enchant weapon
 y - 3 scrolls of immolation
 D - a scroll of enchant armour
 I - a scroll of magic mapping
Potions
 d - 4 potions of might
 l - a potion of curing {unknown}
 n - 2 potions of attraction
 r - a potion of berserk rage
 w - 3 potions of heal wounds
 z - a potion of lignification
 E - 7 potions of flight
 F - 3 potions of degeneration
 K - 2 potions of ambrosia
 L - a potion of cancellation {unknown}
 O - a potion of haste


   Skills:
 + Level 11.3(16.3) Fighting
 - Level 7.0(12.0) Short Blades
 + Level 0.4(9.8) Long Blades
 - Level 9.4(14.4) Maces & Flails
 - Level 4.4(9.4) Throwing
 + Level 11.3(16.3) Armour
 + Level 0.2(5.2) Stealth
 - Level 9.8(14.8) Shields
 + Level 7.1 Invocations
 - Level 3.9 Evocations


You had 11 spell levels left.
You didn't know any spells.
Your spell library contained the following spells:

 Spells                   Type           Power      Damage    Failure   Level
 Beastly Appendage        Tmut           0%         N/A       58%         1
 Necrotise                Necr           0%         1d4       58%         1
 Ensorcelled Hibernation  Hex/Ice        0%         N/A       75%         2
 Static Discharge         Conj/Air       0%         2-2/arc   75%         2
 Wereblood                Tmut           0%         N/A       75%         2
 Hailstorm                Conj/Ice       0%         3d3       92%         3
 Ignite Poison            Fire/Tmut/Pois 0%         N/A       92%         3
 Inner Flame              Hex/Fire       0%         N/A       92%         3
 Spider Form              Tmut/Pois      0%         N/A       92%         3
 Vampiric Draining        Necr           0%         2d6       92%         3
 Airstrike                Air            0%         2d(0-16)  100%        4
 Anguish                  Hex/Necr       0%         N/A       100%        4
 Flame Wave               Conj/Fire      0%         2d4       100%        4
 Ice Form                 Ice/Tmut       0%         N/A       100%        4
 Sticky Flame             Conj/Fire      0%         2d3       100%        4
 Agony                    Necr           0%         N/A       100%        5
 Ignition                 Fire           0%         3d3       100%        8
 Summon Lightning Spire   Summ/Air       Unusable   N/A       N/A         4
 Simulacrum               Ice/Necr       Unusable   N/A       N/A         6

Dungeon Overview and Level Annotations

Branches:
Dungeon (9/15)             Temple (0/1) D:5            Lair (2/5) D:8
  Sewer (visited)         Ossuary (visited)
  Swamp: Lair:2-3    Shoals: Lair:2-3     Snake: Lair:2-3    Spider: Lair:2-3
    Orc: D:9-12

Altars:
Ashenzari
Cheibriados
Elyvilon
Fedhas
Gozag
Kikubaaqudgha
Makhleb
Okawaru
Ru
Sif Muna
Vehumet

Shops:
D:6 [   D:8 (!?(

Annotations:
D:4 2 transporters
Lair:2 Sonja


Innate Abilities, Weirdness & Mutations

You have a pair of horns on your head.
You reflexively headbutt those who attack you in melee.


Message History

The hell knight is severely wounded.
You block the hell knight's attack.
The yellow draconian hits you from afar with a +0 halberd!
You closely miss the hell knight.
The hell knight is severely wounded.
You block the yellow draconian's attack.
The hell knight prays to its god.
The hell knight seems to speed up.
Something shouts, "Slither home, thou foppish toad-spotted baggage!"
You hit the hell knight but do no damage.
The hell knight is severely wounded.
The hell knight mumbles some strange prayers to its god.
The hell knight blinks!
The yellow draconian spits acid at you. The glob of acid hits you!
* * * LOW HITPOINT WARNING * * *
The acid corrodes you!
An iron imp comes into view.
You gain the combat prowess of a mighty hero.
You block the yellow draconian's attack.
You feel much better.
The yellow draconian hits you from afar with a +0 halberd!
It was a potion of magic.
Magic courses through your body.
The hell knight prays to its god.
The hell knight blinks!
The yellow draconian closely misses you.
The yellow draconian spits acid at you. The glob of acid hits you!
The acid corrodes you!
The hell knight utters an invocation to its god.
The hell knight blinks!
The yellow draconian spits acid at you. The glob of acid hits you!!
* * * LOW HITPOINT WARNING * * *
A white imp comes into view.
The yellow draconian spits acid at you. The glob of acid hits you!
* * * LOW HITPOINT WARNING * * *
The yellow draconian spits acid at you. The glob of acid hits you!!
You die...

#. .....d## .##.#
...#.#.###### #......
#####.#.#..##.#. ..#.#
#
........p###.#........
# .. ...
..d....###.#.. #
..####....#.#.#..#.#
#.# ##...##....#..#
#.#.####.#..#
####.....@.#.#
#...##.....# #.###
#.....# .. .......#
#...#### #.##. ..#ยง##
.#.##


You could see a yellow draconian (catching breath) and a hell knight (fast).

Vanquished Creatures
  A boulder beetle (D:6)
  5 death yaks (Lair:1)
  Maurice (D:8)
  2 cane toads (Lair:1)
  An orange demon (Abyss:1)
  2 rime drakes (Lair:1)
  An unseen horror (D:6)
  2 komodo dragons (Lair:1)
  2 trolls
  A hornet (D:8)
  8 blink frogs
  Grinder (D:3)
  A wyvern (Lair:2)
  13 yaks
  3 water moccasins
  An ice beast (D:7)
  2 orc warriors
  4 black bears
  2 sky beasts (D:7)
  Pargi (Sewer)
  3 ogres
  3 wolves (Lair:1)
  4 centaurs
  5 phantoms
  2 bullfrogs (Lair:1)
  8 necrophages (D:6)
  An elf zombie (D:8)
  3 elf skeletons (D:8)
  3 scorpions
  A gnoll sergeant (D:8)
  A wyvern zombie (D:6)
  A water moccasin zombie (D:6)
  11 wights (D:6)
  9 killer bees
  A howler monkey (D:4)
  6 electric eels (Lair:1)
  A crimson imp (D:6)
  2 bullfrog zombies (D:6)
  4 centaur zombies
  3 jellies
  A gnoll bouda (D:5)
  3 hounds
  5 orc priests
  A water moccasin simulacrum (D:6)
  2 bullfrog skeletons (D:6)
  3 human zombies
  2 iguanas (D:5)
  A sleepcap (D:4)
  5 orc wizards
  2 mummies (Ossuary)
  A spectral howler monkey (D:6)
  Robin (D:4)
  A howler monkey zombie (D:6)
  10 gnolls
  12 adders
  A river rat (D:6)
  2 shadow imps (D:7)
  A white imp (D:8)
  2 ufetubi (D:5)
  An adder zombie (Ossuary)
  4 worms
  4 dart slugs
  22 orcs
  2 endoplasms
  4 giant cockroaches
  15 goblins
  7 hobgoblins
  5 jackals (Sewer)
  5 kobolds
  3 quokkas
  3 ball pythons
  9 bats
  3 frilled lizards
  3 goblin zombies (Ossuary)
  11 hobgoblin zombies (Ossuary)
  A jackal zombie (Ossuary)
  10 kobold zombies (Ossuary)
  An orc skeleton (D:8)
  7 orc zombies (Ossuary)
  8 rats
  A rat zombie (Ossuary)
311 creatures vanquished.

Vanquished Creatures (others)
  2 bushes
  4 fungi (Lair:1)
  63 plants
  12 withered plants (D:6)
81 creatures vanquished.

Grand Total: 392 creatures vanquished

Notes
Turn   | Place    | Note
-------+----------+-------------------------------------------
     0 | D:1      | Metae the Minotaur Fighter began the quest for the Orb.
     0 | D:1      | Reached XP level 1. HP: 19/19 MP: 0/0
   173 | D:1      | Reached XP level 2. HP: 27/27 MP: 1/1
   914 | D:2      | Reached XP level 3. HP: 33/33 MP: 2/2
  1490 | D:3      | Found a shimmering blue altar of Sif Muna.
  1539 | D:3      | Noticed Grinder
  1573 | D:3      | Killed Grinder
  1574 | D:3      | Reached skill level 1 in Evocations
  1574 | D:3      | Reached XP level 4. HP: 38/41 MP: 3/3
  1574 | D:3      | Reached XP level 5. HP: 43/47 MP: 4/4
  1800 | D:3      | Found a broken altar of Ashenzari.
  2072 | D:3      | Reached XP level 6. HP: 49/53 MP: 5/5
  2097 | D:3      | Found an iron altar of Okawaru.
  2105 | D:3      | Became a worshipper of Warmaster Okawaru
  2174 | D:4      | Reached skill level 5 in Armour
  2347 | D:4      | Found a transporter.
  2361 | D:4      | Noticed an ice beast
  2361 | D:4      | Noticed an ice beast
  2361 | D:4      | Noticed an ice beast
  2361 | D:4      | Noticed an ice beast
  2594 | D:4      | Reached skill level 5 in Fighting
  2594 | D:4      | Reached skill level 1 in Invocations
  2916 | D:4      | Reached XP level 7. HP: 45/61 MP: 5/7
  3114 | D:4      | Noticed Robin
  3150 | D:4      | Killed Robin
  3181 | D:4      | Reached * piety under Okawaru
  3192 | D:4      | Found a transporter.
  3499 | D:5      | Entered Level 5 of the Dungeon
  3499 | D:5      | Found a staircase to the Ecumenical Temple.
  3612 | D:5      | Reached skill level 5 in Maces & Flails
  3621 | D:5      | Reached skill level 5 in Shields
  3828 | D:5      | Reached XP level 8. HP: 42/70 MP: 7/9
  3899 | D:5      | Reached ** piety under Okawaru
  4400 | D:5      | Found a sacrificial altar of Ru.
  4421 | D:5      | Reached *** piety under Okawaru
  4608 | D:6      | Found a blossoming altar of Fedhas.
  4632 | D:6      | Found a snail-covered altar of Cheibriados.
  4687 | D:6      | Killed an unseen horror
  4688 | D:6      | Reached XP level 9. HP: 33/79 MP: 9/11
  4704 | D:6      | HP: 2/79 [killer bee (4)]
  4709 | D:6      | HP: 3/79 [poisoned by a killer bee]
  4860 | D:6      | Found a burning altar of Makhleb.
  4860 | D:6      | Found a radiant altar of Vehumet.
  5049 | D:6      | Noticed a boulder beetle
  5091 | D:6      | Killed a boulder beetle
  5091 | D:6      | Reached **** piety under Okawaru
  5092 | D:6      | Reached skill level 5 in Invocations
  5177 | D:6      | Found a glowing drain.
  5186 | Sewer    | Entered a sewer
  5256 | Sewer    | Noticed Pargi
  5262 | Sewer    | Killed Pargi
  5515 | D:6      | Found an ancient bone altar of Kikubaaqudgha.
  5590 | D:6      | Reached XP level 10. HP: 90/90 MP: 13/13
  5605 | D:6      | Received a gift from Okawaru
  5649 | D:6      | Found Heesua's Armour Shop.
  6407 | D:7      | Reached ***** piety under Okawaru
  6779 | D:8      | Found Sialecad's Antique Weapon Emporium.
  6784 | D:8      | Identified the +1 scale mail of Winter {rPois rN+ Stlth-}
  6908 | D:8      | Found a sand-covered staircase.
  6915 | Ossuary  | Entered an ossuary
  7428 | D:8      | Found a staircase to the Lair.
  7584 | D:8      | Found an opulent altar of Gozag.
  7661 | D:8      | Found Hury's Distillery.
  7668 | D:8      | Bought a potion of haste for 120 gold pieces
  7668 | D:8      | Bought a potion of heal wounds for 60 gold pieces
  7668 | D:8      | Bought a potion of might for 48 gold pieces
  7693 | D:8      | Noticed Maurice
  7714 | D:8      | Killed Maurice
  7759 | D:8      | Found Uxzo's Weapon Shop.
  7770 | D:8      | Found Osyheu's Magic Scroll Boutique.
  7955 | D:8      | Identified the +0 dagger of Immorality {drain, Str+2 SInv}
  8047 | D:8      | Found a white marble altar of Elyvilon.
  8261 | Lair:1   | Entered Level 1 of the Lair of Beasts
  8278 | Lair:1   | Received a gift from Okawaru
  8286 | Lair:1   | Reached XP level 11. HP: 39/99 MP: 15/15
  8541 | D:8      | Reached skill level 1 in Short Blades
  8546 | D:8      | Reached skill level 10 in Armour
  8557 | D:8      | Received a gift from Okawaru
  8622 | Lair:1   | Reached skill level 10 in Fighting
  8950 | Lair:1   | Noticed a death yak
  8951 | Lair:1   | Noticed a death yak
  8952 | Lair:1   | Noticed a death yak
  8959 | Lair:1   | Noticed a death yak
  8959 | Lair:1   | Noticed a death yak
  8987 | Lair:1   | Killed a death yak
  9007 | Lair:1   | Killed a death yak
  9038 | Lair:1   | Killed a death yak
  9039 | Lair:1   | Reached skill level 5 in Short Blades
  9056 | Lair:1   | Killed a death yak
  9056 | Lair:1   | Identified the +7 falchion of the Saviour {holy, Will+}
                  | (Okawaru gifted it to you on level 1 of the Lair of Beasts)
  9056 | Lair:1   | Received a gift from Okawaru
  9081 | Lair:1   | Killed a death yak
  9398 | Lair:1   | Identified the +2 pair of gloves "Wammippu" {rPois Str-5
                  | Int+3}
 10121 | Lair:2   | Reached XP level 12. HP: 103/110 MP: 16/16
 10138 | Lair:2   | Received a gift from Okawaru
 10347 | Lair:2   | Noticed Sonja
 10351 | Abyss:1  | Cast into level 1 of the Abyss (Sonja)
 10415 | Abyss:1  | Found a corrupted altar of Lugonu.
 10486 | Abyss:1  | Found a corrupted altar of Lugonu.
 10501 | Abyss:1  | Received a gift from Okawaru
 10510 | Abyss:1  | Noticed a yellow draconian
 10512 | Abyss:1  | Found a corrupted altar of Lugonu.
 10554 | Abyss:1  | Killed from afar by a yellow draconian

Illustrated notes

Levels and vault maps discovered:
D:1:      minmay_arrival_widening_spiral_wide, layout_basic
D:2:      layout_loops_ring
D:3:      layout_rooms, nicolae_ashenzari_skybound, okawaru_altar_gauntlet_db,
          amcnicky_altar_gilded, uniq_grinder
D:4:      gammafunk_cloud_chamber, layout_gridville,
          chequers_serial_rivers_large_b, kennysheep_generic_room_16, uniq_robin
D:5:      cheibrodos_barr_body, layout_cave_pools,
          nicolae_ru_great_annihilating_truth, minmay_temple_entry_water_ring
D:6:      layout_rooms, fedhas_altar_decomposition,
          mainiacjoe_overflow_boulevard, lemuel_mausoleum_altar_kikubaaqudgha,
          grunt_temple_overflow_lords_of_destruction, serial_shops,
          kennysheep_mini, gup_sewer_entry_bubbles, st_stairs_2,
          dilly_guarded_unrand_morg
D:7:      layout_basic, serial_curves, eino_curves_01, eino_curves_03,
          eino_curves_02, minmay_misc_feat_pillars, minivault_27
D:8:      layout_loops_corners, mainiacjoe_overflow_alcove_2,
          nicolae_elyvilon_temple_path, lair_entry_dummy,
          nicolae_ossuary_entry_catacombs, serial_shops,
          nicolae_take_the_stairs, nicolae_shop_advertising_works
          [nicolae_subvault_shop_adworks], nicolae_shop_tiny_waterfront, shop,
          uniq_maurice
D:9:      layout_grid_maze
Lair:1:   layout_regular_city, serial_forest, infiniplex_forest_straight_3,
          infiniplex_forest_end_1, infiniplex_forest_clump_long,
          infiniplex_forest_straight_4, infiniplex_forest_end_2,
          infiniplex_forest_corner_1, infiniplex_forest_straight_3,
          serial_bayou_lake_a
Lair:2:   layout_regular_city, nicolae_snake_entry_squirm, basic_altar,
          grunt_megastairs_3, serial_bayou_shore_a, lemuel_fruit_tree,
          uniq_sonja
Abyss:1:  base: D:6, evilmike_abyss_exit_6

Skill      XL: |  1  2  3  4  5  6  7  8  9 10 11 12 |
---------------+-------------------------------------+-----
Armour         | 4 5 6 7 8 9 11 | 11.3
Fighting       | 4 5 6 7 8 9 11 | 11.3
Shields        | 4 5 6 8 9 |  9.8
Maces & Flails | 3 4 5 6 8 9 |  9.4
Throwing       | 2 3 4 |  4.4
Evocations     | 1 3 |  3.9
Invocations    | 1 2 4 5 7 |  7.1
Short Blades   | 6 7 |  7.0
Long Blades    | |  0.4
Stealth        | |  0.2

Action                     |  1- 3 |  4- 6 |  7- 9 | 10-12 || total
---------------------------+-------+-------+-------+-------++-------
  Melee: Flail             |    59 |    89 |   350 |   222 ||   720
         Headbutt          |    14 |    12 |    64 |   163 ||   253
         Dagger            |       |       |       |   397 ||   397
         Falchion          |       |       |       |    11 ||    11
  Throw: Stone             |       |     2 |     6 |     3 ||    11
         Dart              |       |       |       |     2 ||     2
 Invoke: Heroism           |       |       |     2 |     3 ||     5
         Finesse           |       |       |       |     1 ||     1
  Evoke: Wand              |       |       |       |     7 ||     7
    Use: Scroll            |       |       |    10 |     9 ||    19
         Potion            |       |       |     1 |     3 ||     4
 Armour: Scale mail        |    36 |    40 |       |   125 ||   201
         Chain mail        |       |     5 |   222 |   119 ||   346
  Dodge: Dodged            |    37 |    52 |   164 |   194 ||   447
  Block: Buckler           |    13 |    16 |   108 |   144 ||   281
